 Dungeon Crawl Stone Soup version 0.23-b1-49-g13d5857 (webtiles) character file.

Game seed: 5281487808132392300

121 Folque the Sneak (level 5, -2/34 HPs)
             Began as an Octopode Wizard on Feb 3, 2019.
             Slain by a big kobold
             ... wielding a +0 short sword
              (6 damage)
             ... in a sewer.
             The game lasted 00:08:18 (2153 turns).

Folque the Sneak (Octopode Wizard)                  Turns: 2153, Time: 00:08:19

Health: -2/34      AC:  1    Str:  6    XL:     5   Next: 5%
Magic:  0/10       EV: 13    Int: 22    God:
Gold:   149        SH:  0    Dex: 10    Spells: 2/10 levels left

rFire    . . .     SeeInvis .   d - +1 mace
rCold    . . .     Gourm    .   (no shield)
rNeg     . . .     Faith    .   a - +0 hat
rPois    .         Spirit   .   (no amulet)
rElec    .         Reflect  .   (no ring)
rCorr    .         Harm     .   (no ring)
MR       .....                  (no ring)
Stlth    ++++......             (no ring)
HPRegen  0.11/turn              (no ring)
MPRegen  0.12/turn              (no ring)
                                (no ring)
                                (no ring)

@: very slightly contaminated
A: almost no armour, stealthy swim, amphibious, 8 rings, constrict 8, camouflage
1, gelatinous body 1
a: no special abilities


You were in a sewer.
You were hungry.

You visited 1 branch of the dungeon, and saw 3 of its levels.
You also visited: Sewer.

You collected 149 gold pieces.

Inventory:

Hand Weapons
 b - a cursed -1 whip
 d - a +1 mace (weapon)
 n - a +0 blowgun
 o - a -2 short sword
Missiles
 p - 2 poisoned needles
Armour
 a - a +0 hat (worn)
Jewellery
 j - a cursed ring of teleportation
Scrolls
 f - a scroll of blinking {unknown}
 g - a scroll of immolation
 i - 2 scrolls of enchant weapon
 m - a scroll of fog {unknown}
Potions
 e - 3 potions of curing
 h - a potion of degeneration {unknown}
 k - a potion of lignification {unknown}
Comestibles
 c - 5 rations
 l - 3 chunks of flesh


   Skills:
 - Level 2.0 Fighting
 - Level 2.0 Dodging
 * Level 3.6 Stealth
 * Level 3.3 Spellcasting
 + Level 2.5 Conjurations
 - Level 1.0 Summonings
 - Level 1.0 Translocations
 - Level 2.0 Poison Magic


You had 2 spell levels left.
You knew the following spells:

 Your Spells              Type           Power        Failure   Level  Hunger
a - Magic Dart            Conj           ##..         4%          1    None
b - Call Imp              Summ           #.......     12%         2    ##.....
c - Blink                 Tloc           N/A          12%         2    ##.....
d - Mephitic Cloud        Conj/Pois/Air  ##......     19%         3    ###....

Your spell library contained the following spells:

 Spells                   Type           Power        Failure   Level  Hunger
 Slow                     Hex            #.......     19%         2    ##.....
 Conjure Flame            Conj/Fire      #.......     22%         3    ###....


Dungeon Overview and Level Annotations

Branches:
Dungeon (3/15)

Altars:


Innate Abilities, Weirdness & Mutations

You cannot wear most types of armour.
You are very stealthy in the water. (Stealth+)
You are amphibious.
You can wear up to eight rings at the same time.
You can use your tentacles to constrict eight enemies at once.
Your skin changes colour to match your surroundings (Stealth+).
Your rubbery body absorbs attacks. (AC +1, EV +1)


Message History

You hear a splash.
Your crimson imp hits the big kobold.
Casting: Magic Dart (safe; 4% risk of failure)
Confirm with . or Enter, or press ? or * to list all spells.
Aiming: Magic Dart (safe; 4% risk of failure)
Press: ? - help, Shift-Dir - straight line, f/p - big kobold
Aim: a big kobold, wielding a +0 short sword (moderately wounded)
The magic dart hits the big kobold but does no damage.
The big kobold is moderately wounded.
Your crimson imp barely misses the big kobold.
You miss the big kobold. Your grab misses the big kobold.
Your squeeze misses the big kobold.
The big kobold is moderately wounded.
The big kobold hits you with a +0 short sword!
Your crimson imp blinks!
The big kobold hits you with a +0 short sword!
* * * LOW HITPOINT WARNING * * *
You are feeling hungry.
The big kobold hits you with a +0 short sword.
You die...

≈
≈#################
≈≈≈≈≈≈≈≈≈≈≈(≈≈≈≈≈#
≈≈≈≈≈≈≈≈≈≈≈≈≈≈≈≈@#
≈≈≈≈≈≈÷≈≈≈≈†≈≈§K(#
####≈≈########'###
..≈P≈≈≈.#!..!#...#
..≈≈P≈.KK..∩.#.∩.#
.....P.÷K!!..#.∩.#
........#....#####
......########
...##.#


You could see a big kobold.

Vanquished Creatures
  A big kobold (Sewer)
  2 oozes
  A worm (D:2)
  A dart slug (D:1)
  2 leopard geckos
  3 ball pythons
  5 giant cockroaches
  4 goblins
  4 hobgoblins
  A quokka (D:2)
  6 bats
  4 frilled lizards
  9 kobolds
  3 rats
46 creatures vanquished.

Vanquished Creatures (collateral kills)
  3 worms (D:2)
  A kobold (Sewer)
4 creatures vanquished.

Grand Total: 50 creatures vanquished

Notes
Turn   | Place    | Note
-------+----------+-------------------------------------------
     0 | D:1      | Folque the Octopode Wizard began the quest for the Orb.
     0 | D:1      | Reached XP level 1. HP: 11/11 MP: 4/4
   328 | D:1      | Reached skill level 1 in Fighting
   341 | D:1      | Reached XP level 2. HP: 15/18 MP: 4/6
   819 | D:1      | Reached XP level 3. HP: 22/24 MP: 3/7
   972 | D:1      | Learned a level 2 spell: Call Imp
   975 | D:1      | Learned a level 2 spell: Blink
   979 | D:1      | Learned a level 3 spell: Mephitic Cloud
  1408 | D:2      | Reached skill level 1 in Poison Magic
  2005 | D:3      | Found a glowing drain.
  2012 | D:3      | Reached XP level 4. HP: 29/29 MP: 8/8
  2042 | Sewer    | Entered a sewer
  2113 | Sewer    | Noticed a big kobold
  2113 | Sewer    | Noticed a big kobold
  2149 | Sewer    | Killed a big kobold
  2149 | Sewer    | Reached XP level 5. HP: 22/34 MP: 0/10
  2153 | Sewer    | Slain by a big kobold

Skill      XL: |  1  2  3  4 |
---------------+-------------+-----
Fighting       | 1 2 |  2.0
Conjurations   | 2 |  2.5
Poison Magic   | 1 2 |  2.0
Stealth        | 3 |  3.6
Dodging        | |  2.0
Spellcasting   | |  3.3
Summonings     | |  1.0
Translocations | |  1.0

Action                   |  1- 3 |  4- 6 || total
-------------------------+-------+-------++-------
Melee: Spear             |    14 |       ||    14
       Unarmed           |     6 |       ||     6
       Constrict         |    25 |     3 ||    28
       Tentacles         |     9 |     2 ||    11
       Mace              |    69 |    22 ||    91
 Fire: Blowgun           |       |     1 ||     1
 Cast: Magic Dart        |    26 |     3 ||    29
       Call Imp          |     5 |     2 ||     7
  Use: Scroll            |     6 |       ||     6
 Stab: Sleeping          |     5 |     1 ||     6
  Eat: Chunk             |     3 |     1 ||     4
Armor: Skin              |    11 |     2 ||    13
Dodge: Dodged            |    67 |    16 ||    83
